 Dungeon Crawl Stone Soup version 0.27-a0-1381-g81fdcbfb23 (webtiles) character file.

Game seed: 5155436190832753033

7357 Kinoniko the Severer (level 10, -2/123 HPs)
             Began as a Pale Draconian Berserker on June 30, 2021.
             Was a High Priest of Trog.
             Slain by a komodo dragon (24 damage)
             ... on level 1 of the Lair of Beasts.
             The game lasted 00:13:53 (10640 turns).

Kinoniko the Severer (Pale Draconian Berserker)    Turns: 10640, Time: 00:13:54

Health: -2/123     AC: 11    Str: 28    XL:     10   Next: 91%
Magic:  19/19      EV: 13    Int: 10    God:    Trog [*****.]
Gold:   503        SH:  0    Dex: 10    Spells: 9/9 levels left

rFire    . . .     SeeInvis +   B - +2 battleaxe (flame)
rCold    . . .     Faith    .   (shield currently unavailable)
rNeg     + . .     Spirit   .   (armour unavailable)
rPois    .         Reflect  .   (helmet restricted)
rElec    .         Harm     .   b - +1 cloak
rCorr    .         Rampage  .   c - +1 pair of gloves
Will     .....                  (no boots)
Stlth    ..........             h - amulet of the acrobat
HPRegen  0.30/turn              D - ring of magical power
MPRegen  0.16/turn              E - ring of Komma {rN+ Str+4 Int+3 SInv Stlth+}

@: berserking (expiring), very quick
A: breathe steam, AC +7, unfitting armour, cold-blooded, steam resistance
a: Breathe Steam, Renounce Religion, Berserk, Trog's Hand, Brothers in Arms


You were on level 1 of the Lair of Beasts.
You worshipped Trog.
Trog was extremely pleased with you.
You visited 2 branches of the dungeon, and saw 10 of its levels.
You also visited: Sewer.

You collected 503 gold pieces.

Inventory:

Hand Weapons
 i - a +1 war axe of flaming
 r - a +1 war axe
 B - a +2 battleaxe of flaming (weapon)
Missiles
 q - 6 throwing nets
 y - 15 atropa-tipped darts
Armour
 b - a +1 cloak (worn)
 c - a +1 pair of gloves (worn)
Jewellery
 h - an amulet of the acrobat (around neck)
 D - a ring of magical power (left hand)
 E - the ring of Komma (right hand) {rN+ Str+4 Int+3 SInv Stlth+}
   (You found it on level 7 of the Dungeon)

   [ring of see invisible]

   Str:       It affects your strength (+4).
   Int:       It affects your intelligence (+3).
   rN:        It protects you from negative energy.
   SInv:      It lets you see invisible.
   Stlth:     It makes you more stealthy.
Wands
 a - a wand of acid (7)
 k - a wand of charming (2)
 n - a wand of iceblast (6)
 z - a wand of paralysis (3)
 A - a wand of polymorph (9)
 F - a wand of digging (5)
Scrolls
 d - a scroll of immolation
 e - a scroll of blinking
 g - 3 scrolls of teleportation
 o - 3 scrolls of fear
 p - a scroll of fog
 v - 3 scrolls of identify
 w - a scroll of enchant armour
 x - a scroll of noise {unknown}
Potions
 f - 3 potions of brilliance
 j - a potion of curing
 l - 2 potions of berserk rage
 m - 2 potions of haste
 s - a potion of invisibility {unknown}
 t - a potion of flight {unknown}
 u - a potion of lignification {unknown}
 C - a potion of might


   Skills:
 + Level 5.6 Fighting
 * Level 15.2 Axes
 + Level 4.5 Dodging


You had 9 spell levels left.
You didn't know any spells.
Your spell library was empty.

Dungeon Overview and Level Annotations

Branches:
Dungeon (9/15)             Temple (0/1) D:5            Lair (1/6) D:8
  Sewer (visited)
    Orc: D:9-12

Altars:
Ashenzari
Dithmenos
Hepliaklqana
Sif Muna
The Shining One

Shops:
D:2 :

Annotations:
Lair:1 Sonja


Innate Abilities, Weirdness & Mutations

You can breathe blasts of scalding, opaque steam.
Your pale cyan-grey scales are hard. (AC +7)
You cannot fit into any form of body armour.
You are cold-blooded and may be slowed by cold attacks.
You are immune to the effects of steam.


Message History

You blink.
Found 7 stones and a hand axe.
The black mamba closely misses you. The black mamba completely misses you.
You miss the black mamba.
The black mamba bites you but does no damage.
You barely miss Sonja. You slash the black mamba! You burn the black mamba.
Sonja gestures wildly while chanting.
Sonja blinks!
The black mamba bites you!
You slice the black mamba!! You burn the black mamba!
You kill the black mamba!
Trog accepts your kill. Sonja barely misses you. Sonja completely misses you.
Sonja hits you with a +2 dagger of distortion.
Space warps horribly around you!
You see here a black mamba corpse.
You closely miss Sonja.
Your tail-slap misses Sonja.
Sonja hits you but does no damage. Sonja barely misses you.
Sonja completely misses you.
You barely miss Sonja. You barely miss the komodo dragon. Sonja misses you.
Sonja barely misses you. Sonja hits you but does no damage.
Space warps horribly around you!! The komodo dragon misses you.
You are too injured to fight recklessly!
You are too injured to fight recklessly!
You are too injured to fight recklessly!
You are too injured to fight recklessly!
You barely miss Sonja. You closely miss the komodo dragon.
Sonja hits you with a +2 dagger of distortion.
Space bends around you. Sonja barely misses you. Sonja completely misses you.
You completely miss Sonja. You closely miss the komodo dragon.
The komodo dragon closely misses you.
Sonja hits you with a +2 dagger of distortion!
Space warps horribly around you!
* * * LOW HITPOINT WARNING * * *
Sonja hits you but does no damage. Space bends around you.
* * * LOW HITPOINT WARNING * * *
Sonja hits you with a +2 dagger of distortion.
* * * LOW HITPOINT WARNING * * *
You completely miss Sonja.
Your tail-slap misses Sonja.
You barely miss the komodo dragon. The komodo dragon bites you!!
You die...

.....).....##
(...........##
.............#
...........##
##..........#
##............ #.#
#.............
#..##.....l.......
#.........@..>....
##........K.......
#P...............
##...............
#...............
##......!........
####................
#.#.................
###...............


You could see a komodo dragon and Sonja.

Vanquished Creatures
  Harold (D:7)
  A two-headed ogre (D:9)
  A cyclops (D:7)
  A black mamba (Lair:1)
  A komodo dragon (D:8)
  Maggie (D:7)
  A cane toad (Lair:1)
  A troll (D:8)
  Sigmund (D:6)
  3 yaks (D:8)
  Eustachio (D:4)
  Menkaure (D:7)
  A water moccasin (D:7)
  3 orc warriors
  2 black bears
  A sky beast (D:6)
  2 necrophages
  3 ogres
  2 centaurs (D:6)
  A phantom (D:6)
  2 bullfrogs (Sewer)
  A water moccasin zombie (D:5)
  A scorpion (D:5)
  2 gnoll sergeants
  9 wights
  2 bullfrog zombies (D:7)
  Crazy Yiuf (D:6)
  A gnoll shaman (D:8)
  A jelly (D:6)
  5 orc priests
  A hound (D:4)
  A bullfrog skeleton (D:6)
  3 centaur skeletons
  Natasha (thrice) (D:2)
  2 iguanas
  11 orc wizards
  A hound skeleton (D:3)
  Robin (D:2)
  16 adders
  17 gnolls
  6 river rats (Sewer)
  An ufetubus (D:6)
  An adder skeleton (D:3)
  2 worms
  2 dart slugs
  42 orcs
  15 ball pythons
  9 endoplasms
  3 giant cockroaches
  11 goblins
  11 hobgoblins
  2 jackals (D:3)
  3 quokkas
  8 bats
  6 frilled lizards
  5 kobolds
  A quokka zombie (D:3)
  29 rats
  A butterfly (D:5)
268 creatures vanquished.

Vanquished Creatures (others)
  8 plants
  5 toadstools (D:6)
  A withered plant (D:3)
14 creatures vanquished.

Grand Total: 282 creatures vanquished

Notes
Turn   | Place    | Note
-------+----------+-------------------------------------------
     0 | D:1      | Kinoniko the Draconian Berserker began the quest for the
                  | Orb.
     0 | D:1      | Reached XP level 1. HP: 19/19 MP: 1/1
    51 | D:1      | Found a faded altar of an unknown god.
   169 | D:1      | Reached XP level 2. HP: 25/26 MP: 2/2
   322 | D:1      | Reached skill level 4 in Axes
   566 | D:2      | Found Mafaihya's Book Shop.
   581 | D:2      | Reached ** piety under Trog
   582 | D:2      | Reached XP level 3. HP: 29/31 MP: 3/3
  1076 | D:2      | Noticed Natasha
  1087 | D:2      | Killed Natasha
  1088 | D:2      | Reached skill level 5 in Axes
  1088 | D:2      | Reached XP level 4. HP: 27/38 MP: 4/4
  1196 | D:2      | Noticed Natasha
  1203 | D:2      | Killed Natasha
  1917 | D:2      | Noticed Natasha
  1919 | D:2      | Noticed Robin
  1929 | D:2      | Killed Natasha
  1930 | D:2      | Reached XP level 5. HP: 45/45 MP: 5/5
  1961 | D:2      | Killed Robin
  2493 | D:3      | Reached skill level 6 in Axes
  2686 | D:3      | Found a broken altar of Ashenzari.
  2938 | D:3      | Reached *** piety under Trog
  3591 | D:4      | Reached XP level 6. HP: 51/51 MP: 6/6
  3733 | D:4      | Reached skill level 7 in Axes
  3777 | D:4      | Found a glowing drain.
  3786 | D:4      | Noticed Eustachio
  3788 | Sewer    | Entered a sewer
  4082 | Sewer    | Reached **** piety under Trog
  4312 | Sewer    | Reached skill level 8 in Axes
  4312 | Sewer    | Your scales start taking on a pale cyan-grey colour.
  4312 | Sewer    | Reached XP level 7. HP: 57/57 MP: 7/7
  4312 | Sewer    | Gained mutation: You are immune to the effects of steam.
                  | [Pale Draconian growth]
  4403 | D:4      | Killed Eustachio
  4538 | D:4      | Reached skill level 9 in Axes
  5047 | D:5      | Entered Level 5 of the Dungeon
  5308 | D:5      | Reached XP level 8. HP: 9/63 MP: 8/8
  5312 | D:5      | HP: 2/63 [poisoned by a gnoll]
  5731 | D:5      | Found a glowing golden altar of the Shining One.
  5830 | D:5      | Found a staircase to the Ecumenical Temple.
  5860 | D:5      | Reached skill level 10 in Axes
  5915 | D:5      | Found a shimmering blue altar of Sif Muna.
  6334 | D:6      | Found a hazy altar of Hepliaklqana.
  6427 | D:6      | Noticed Sigmund
  6447 | D:6      | Killed Sigmund
  6448 | D:6      | Reached skill level 11 in Axes
  6798 | D:6      | Reached ***** piety under Trog
  6897 | D:6      | Reached XP level 9. HP: 61/70 MP: 9/9
  6955 | D:6      | Reached skill level 12 in Axes
  7233 | D:6      | Found a runed translucent door.
  7234 | D:6      | Noticed Crazy Yiuf
  7299 | D:6      | Killed Crazy Yiuf
  7527 | D:7      | Noticed Maggie
  7541 | D:7      | Killed Maggie
  7542 | D:7      | Reached skill level 13 in Axes
  7706 | D:7      | Noticed Menkaure
  7711 | D:7      | Killed Menkaure
  7862 | D:7      | Paralysed by an orc warrior for 6 turns
  8061 | D:7      | Noticed a cyclops
  8078 | D:7      | HP: 3/70 [cyclops (11)]
  8086 | D:7      | Killed a cyclops
  8347 | D:7      | Noticed Harold
  8353 | D:7      | Received a gift from Trog
  8359 | D:7      | Killed Harold
  8360 | D:7      | Reached skill level 14 in Axes
  8360 | D:7      | Reached XP level 10. HP: 77/77 MP: 10/10
  8931 | D:7      | Identified the ring of Komma {rN+ Str+4 Int+3 SInv Stlth+}
  9095 | D:8      | Found a shadowy altar of Dithmenos.
  9664 | D:8      | Found a staircase to the Lair.
 10123 | D:9      | Noticed a two-headed ogre
 10205 | D:9      | Killed a two-headed ogre
 10206 | D:9      | Reached skill level 5 in Fighting
 10206 | D:9      | Reached skill level 15 in Axes
 10521 | Lair:1   | Entered Level 1 of the Lair of Beasts
 10521 | Lair:1   | Noticed a cane toad
 10529 | Lair:1   | Killed a cane toad
 10627 | Lair:1   | Noticed Sonja
 10627 | Lair:1   | Noticed a black mamba
 10634 | Lair:1   | Killed a black mamba
 10640 | Lair:1   | Slain by a komodo dragon

Illustrated notes

Levels and vault maps discovered:
D:1:      dpeg_arrival_long_road, layout_rooms,
          shapermc_ecumenical_altar_totnotflames, solitary_fountain
D:2:      kennysheep_big_flooded_room, layout_basic, serial_shops, shop,
          uniq_natasha, uniq_robin
D:3:      layout_loops_corners, ashenzari_conservatory_becter, serial_undead,
          serial_undead_f, serial_undead_c, serial_undead_a, serial_undead_e,
          serial_undead_e, serial_undead_b
D:4:      layout_gridville, cheibrodos_sewer_entry_sluice, uniq_eustachio
D:5:      layout_loops_cross, tso_altar, kennysheep_orc_sif_temple,
          minmay_temple_entry_butterflies, lightli_minifort
D:6:      layout_basic, nicolae_overflow_crystal_walls,
          hangedman_decor_slide_cut, minmay_gold_behind_fungi,
          uniq_crazy_yiuf_cottage, uniq_sigmund
D:7:      layout_basic, uniq_maggie, uniq_harold, uniq_menkaure
D:8:      layout_basic, nicolae_dithmenos_the_darkroom, david_lair_shrubbed
D:9:      layout_irregular_city, serial_ice, serial_ice_k, serial_ice_a,
          serial_ice_f, serial_ice_o, uniq_grum
Lair:1:   layout_cave_shapes, chequers_serial_rivers_small_3, uniq_sonja

Skill      XL: |  1  2  3  4  5  6  7  8  9 10 |
---------------+-------------------------------+-----
Axes           | 4 5 6 8 9 11 14 15 | 15.2
Dodging        | 4 |  4.5
Fighting       | 5 |  5.6

Action                   |  1- 3 |  4- 6 |  7- 9 | 10-12 || total
-------------------------+-------+-------+-------+-------++-------
Melee: Hand axe          |   103 |   199 |    79 |       ||   381
       Tailslap          |    11 |    19 |    38 |    14 ||    82
       War axe           |       |       |   227 |       ||   227
       Battleaxe         |       |       |       |   113 ||   113
Invok: Berserk           |     1 |     9 |    17 |     7 ||    34
 Abil: Breathe Steam     |       |       |     1 |       ||     1
  Use: Scroll            |       |     5 |     6 |     1 ||    12
       Potion            |       |     2 |     8 |       ||    10
 Stab: Sleeping          |       |     1 |     1 |     1 ||     3
Armor: Skin              |    38 |    65 |    90 |    46 ||   239
Dodge: Dodged            |    67 |   136 |   197 |    60 ||   460

Table legend: (Time is in decaauts)
 A = Elapsed time spent in this place.
 B = Non-inter-level travel time spent in this place.
 C = Inter-level travel time spent in this place.
 D = Time resting spent in this place.
 E = Time spent auto-exploring this place.
 F = Levels seen in this place.
 G = Mean time per level.
                   A        B        C        D        E       F      G
               +--------+--------+--------+--------+--------+-----+--------+
         Total |  10903 |  10638 |    265 |   3500 |   5688 |  11 |  991.2 |
       Dungeon |  10096 |   9831 |    265 |   3133 |   5473 |   9 | 1121.8 |
          Lair |    115 |    115 |      0 |      0 |     97 |   1 |  115.0 |
         Sewer |    691 |    691 |      0 |    366 |    117 |   1 |  691.0 |
               +--------+--------+--------+--------+--------+-----+--------+

Top non-repeatable levels by time:
     D:2: 1919 daAuts
     D:7: 1586 daAuts
     D:6: 1328 daAuts
     D:8: 1326 daAuts
     D:5: 1085 daAuts
     D:4: 1030 daAuts
     D:3: 990 daAuts
   Sewer: 691 daAuts
     D:1: 559 daAuts
     D:9: 270 daAuts
  Lair:1: 115 daAuts
